 Dungeon Crawl Stone Soup version 0.29.0-13-gc9e81de378 (webtiles) character file.

Game seed: 14692668445073689135

73 Bartlander the Cudgeller (level 4, 0/41 HPs)
             Began as a Gnoll Cinder Acolyte on Sept 8, 2022.
             Was a High Priest of Ignis.
             Slain by a gnoll
             ... wielding a +0 halberd
              (5 damage)
             ... on level 3 of the Dungeon.
             The game lasted 00:05:31 (1651 turns).

Bartlander the Cudgeller (Gnoll Cinder Acolyte)     Turns: 1651, Time: 00:05:32

Health: 0/41       AC: 11    Str: 15    XL:     4   Next: 27%
Magic:  1/8        EV: 11    Int: 13    God:    Ignis [*****.]
Gold:   88         SH:  0    Dex:  8    Spells: 7/9 levels left

rFire   + . .      SeeInvis .   a - +0 mace (flame)
rCold   . . .      Faith    .   (no shield)
rNeg    . . .      Spirit   .   f - +0 leather armour
rPois   .          Reflect  .   i - +0 helmet
rElec   .          Harm     .   (no cloak)
rCorr   .          Rampage  .   (no gloves)
Will    .....                   (no boots)
Stlth   +.........              (no amulet)
HPRegen 0.13/turn               (no ring)
MPRegen 0.11/turn               (no ring)

@: fiery-armoured
A: fangs 1, strong nose, distributed training
a: Renounce Religion, Fiery Armour, Foxfire Swarm, Rising Flame


You were on level 3 of the Dungeon.
You worshipped Ignis.
Ignis was extremely pleased with you.
You visited 1 branch of the dungeon, and saw 3 of its levels.

You collected 88 gold pieces.

Inventory:

Hand Weapons
 a - a +0 mace of flaming (weapon)
Armour
 b - a +0 robe
 f - a +0 leather armour (worn)
 i - a +0 helmet (worn)
Jewellery
 g - a ring of fire
Scrolls
 c - a scroll of enchant armour {unknown}
 d - a scroll of enchant weapon
Potions
 e - 2 potions of cancellation
 h - a potion of attraction


   Skills:
 + Level 6.6 Fighting
 + Level 1.1 Short Blades
 + Level 1.1 Long Blades
 + Level 1.1 Axes
 + Level 6.6 Maces & Flails
 + Level 1.1 Polearms
 + Level 1.1 Staves
 + Level 1.1 Ranged Weapons
 + Level 1.1 Throwing
 + Level 1.1 Armour
 + Level 1.1 Dodging
 + Level 1.1 Stealth
 + Level 1.1 Shields
 + Level 1.1 Unarmed Combat
 + Level 3.0 Spellcasting
 + Level 0.9 Conjurations
 + Level 0.9 Hexes
 + Level 0.9 Summonings
 + Level 0.9 Necromancy
 + Level 0.9 Translocations
 + Level 0.9 Transmutations
 + Level 5.4 Fire Magic
 + Level 0.9 Ice Magic
 + Level 0.9 Air Magic
 + Level 0.9 Earth Magic
 + Level 0.9 Poison Magic
 + Level 1.2 Invocations
 + Level 1.1 Evocations


You had 7 spell levels left.
You knew the following spells:

 Your Spells              Type           Power      Damage    Failure   Level
a - Scorch                Fire           32%        2d7       4%          2

Your spell library contained the following spells:

 Spells                   Type           Power      Damage    Failure   Level
 Ensorcelled Hibernation  Hex/Ice        8%         N/A       28%         2
 Passwall                 Tmut/Erth      3%         N/A       28%         2
 Sublimation of Blood     Necr           4%         N/A       28%         2
 Wereblood                Tmut           4%         N/A       28%         2
 Dazzling Flash           Conj/Hex       8%         N/A       50%         3
 Gell's Gravitas          Tloc           4%         N/A       50%         3
 Lesser Beckoning         Tloc           4%         N/A       50%         3
 Swiftness                Air            4%         N/A       50%         3
 Teleport Other           Tloc           4%         N/A       50%         3
 Iskenderun's Mystic Bla  Conj/Tloc      4%         2d3       88%         4
 Starburst                Conj/Fire      5%         6d4       100%        6
 Summon Hydra             Summ           2%         N/A       100%        7


Dungeon Overview and Level Annotations

Branches:
Dungeon (3/15)

Altars:


Innate Abilities, Weirdness & Mutations

You have very sharp teeth.
Your uncanny sense of smell can sniff out nearby items.
Your experience applies equally to all skills.


Message History

The gnoll barely misses you.
You closely miss the orc. The orc barely misses you.
The gnoll barely misses you.
You barely miss the orc. Your bite misses the orc.
The orc hits you with a +0 whip.
The orc is burned by your cloak of flames.
The orc is heavily wounded.
The gnoll closely misses you.
You sock the orc! You burn the orc.
You kill the orc!
The gnoll barely misses you. The jackal closely misses you.
You hit the jackal but do no damage. You bite the jackal, but do no damage.
The gnoll barely misses you. The jackal bites you.
The jackal is burned by your cloak of flames.
The jackal is almost dead.
You hit the jackal. You burn the jackal.
You kill the jackal!
The gnoll closely misses you.
You closely miss the goblin.
The gnoll hits you from afar with a +0 halberd.
The goblin hits you but does no damage.
The goblin is burned by your cloak of flames.
You kill the goblin!
The gnoll closely misses you.
A jackal comes into view.
The endoplasm freezes you.
You are frozen.
* * * LOW HITPOINT WARNING * * *
Items here: )))) ? ††††.
The jackal barks!
You thump the endoplasm! You burn the endoplasm.
You kill the endoplasm!
The gnoll hits you with a +0 halberd.
* * * LOW HITPOINT WARNING * * *
The gnoll is burned by your cloak of flames.
The gnoll is heavily wounded.
You barely miss the gnoll.
The gnoll is heavily wounded.
The gnoll hits you with a +0 halberd.
You die...

#.....>...# #.......
#........# .......
#...<....# .....
#....†...# #...#
#........#
#...######........#
#.................#
#..g######.<........
#..h@.............#.#
#.#.##########......#
#.#.# #...>#
......gJ#.# ....
..##)###..# .. # .##
#.. ####


You could see a gnoll and a jackal.

Vanquished Creatures
  2 gnolls (D:3)
  An adder (D:3)
  An orc (D:3)
  5 ball pythons
  5 bats
  3 endoplasms
  2 giant cockroaches (D:1)
  4 goblins
  3 hobgoblins
  2 jackals (D:3)
  2 kobolds (D:1)
  2 quokkas
  4 frilled lizards
  3 rats
39 creatures vanquished.

Notes
Turn   | Place    | Note
-------+----------+-------------------------------------------
     0 | D:1      | Bartlander the Gnoll Cinder Acolyte began the quest for the
                  | Orb.
     0 | D:1      | Reached XP level 1. HP: 23/23 MP: 4/4
     4 | D:1      | Noticed a palentonga
     4 | D:1      | Noticed a naga
     6 | D:1      | Noticed a minotaur
     6 | D:1      | Noticed a meteoran
     8 | D:1      | Noticed a troll
     8 | D:1      | Noticed an octopode
    10 | D:1      | Noticed an elf
    10 | D:1      | Noticed a demigod
    12 | D:1      | Noticed a demonspawn
    12 | D:1      | Noticed a human
    14 | D:1      | Noticed a merfolk
    14 | D:1      | Noticed a tengu
    16 | D:1      | Noticed a felid
    16 | D:1      | Noticed a vampire
    18 | D:1      | Noticed a vine stalker
    18 | D:1      | Noticed a formicid
    20 | D:1      | Noticed an ogre
    20 | D:1      | Noticed a gargoyle
    22 | D:1      | Noticed a draconian
    22 | D:1      | Noticed a spriggan
    24 | D:1      | Noticed a ghoul
    26 | D:1      | Noticed an ogre
    26 | D:1      | Noticed a gargoyle
   302 | D:1      | Reached XP level 2. HP: 29/29 MP: 5/5
  1177 | D:2      | Reached XP level 3. HP: 35/35 MP: 7/7
  1414 | D:2      | Learned a level 2 spell: Scorch
  1475 | D:2      | Reached skill level 1 in Invocations
  1627 | D:3      | Reached skill level 1 in Short Blades
  1627 | D:3      | Reached skill level 1 in Long Blades
  1627 | D:3      | Reached skill level 1 in Axes
  1627 | D:3      | Reached skill level 1 in Polearms
  1627 | D:3      | Reached skill level 1 in Staves
  1627 | D:3      | Reached skill level 1 in Ranged Weapons
  1627 | D:3      | Reached skill level 1 in Throwing
  1627 | D:3      | Reached skill level 1 in Armour
  1627 | D:3      | Reached skill level 1 in Dodging
  1627 | D:3      | Reached skill level 1 in Stealth
  1627 | D:3      | Reached skill level 1 in Shields
  1627 | D:3      | Reached skill level 1 in Unarmed Combat
  1627 | D:3      | Reached skill level 1 in Evocations
  1642 | D:3      | Reached XP level 4. HP: 22/41 MP: 0/8
  1651 | D:3      | Slain by a gnoll

Illustrated notes

Levels and vault maps discovered:
D:1:      kb_arrival_jail, layout_rooms
D:2:      layout_rooms, minmay_bisected
D:3:      layout_rooms, mainiacjoe_overflow_cross_hatched, xom_butterflies,
          elyvilon_altar_3, ebering_ecumenical_altar_ruins

Skill      XL: |  1  2  3 |
---------------+----------+-----
Invocations    | 1 |  1.2
Short Blades   | 1 |  1.1
Long Blades    | 1 |  1.1
Axes           | 1 |  1.1
Polearms       | 1 |  1.1
Staves         | 1 |  1.1
Ranged Weapons | 1 |  1.1
Throwing       | 1 |  1.1
Armour         | 1 |  1.1
Dodging        | 1 |  1.1
Stealth        | 1 |  1.1
Shields        | 1 |  1.1
Unarmed Combat | 1 |  1.1
Evocations     | 1 |  1.1
Spellcasting   | 3 |  3.0
Fighting       | |  6.6
Maces & Flails | |  6.6
Conjurations   | |  0.9
Hexes          | |  0.9
Summonings     | |  0.9
Necromancy     | |  0.9
Translocations | |  0.9
Transmutations | |  0.9
Fire Magic     | |  5.4
Ice Magic      | |  0.9
Air Magic      | |  0.9
Earth Magic    | |  0.9
Poison Magic   | |  0.9

Action                   |  1- 3 |  4- 6 || total
-------------------------+-------+-------++-------
Melee: Mace              |    82 |     9 ||    91
       Bite              |     1 |     1 ||     2
 Cast: Scorch            |     4 |       ||     4
Invok: Fiery Armour      |     1 |       ||     1
  Use: Scroll            |     7 |       ||     7
Armor: Robe              |    24 |       ||    24
       Leather armour    |     3 |     1 ||     4
Dodge: Dodged            |    54 |     9 ||    63
